 Dungeon Crawl Stone Soup version 0.20.1-1-g8b1a95d (webtiles) character file.

44 Irenicus the Grave Robber (level 3, 0/24 HPs)
             Began as a Mummy Necromancer on Nov 7, 2017.
             Slain by a hobgoblin
             ... wielding a +0 club
              (3 damage)
             ... on level 2 of the Dungeon.
             The game lasted 00:03:17 (408 turns).

Irenicus the Grave Robber (Mummy Necromancer)        Turns: 408, Time: 00:03:18

Health: 0/24       AC:  3    Str: 11    XL:     3   Next: 41%
Magic:  0/8        EV: 11    Int: 15    God:
Gold:   36         SH:  0    Dex: 12    Spells: 4/9 levels left

rFire    x . .     SeeInvis .   c - +1 dagger (flame)
rCold    + . .     Gourm    .   (no shield)
rNeg     + + +     Faith    .   k - +0 leather armour
rPois    ∞         Spirit   .   (no helmet)
rElec    .         Reflect  .   (no cloak)
rCorr    .         Harm     .   (no gloves)
MR       .....                  (no boots)
Stlth    ++........             (no amulet)
Regen    0.1/turn               h - ring of stealth
MPRegen  0.2/turn               (no ring)

@: very slightly contaminated
A: no food or potions, fire vulnerability, cold resistance 1, negative energy
resistance 3, torment resistance, unbreathing
a: no special abilities


You were on level 2 of the Dungeon.
You were not hungry.

You visited 1 branch of the dungeon, and saw 2 of its levels.

You collected 36 gold pieces.

Inventory:

Hand Weapons
 c - a +1 dagger of flaming (weapon)
Armour
 k - a +0 leather armour (worn)
Jewellery
 e - an uncursed ring of ice
 h - a ring of stealth (left hand)
Scrolls
 a - a scroll of teleportation {unknown}
 d - 2 scrolls of remove curse {unknown}
 f - a scroll of identify {unknown}
 g - a scroll of amnesia {unknown}
 i - a scroll of random uselessness {unknown}
 j - a scroll of enchant weapon {unknown}
 l - a scroll of immolation {unknown}
Books
 b - a book of Necromancy

   Spells                             Type                      Level
   a - Pain                           Necromancy                   1
   b - Animate Skeleton               Necromancy                   1
   c - Vampiric Draining              Necromancy                   3
   d - Regeneration                   Charms/Necromancy            3
   e - Animate Dead                   Necromancy                   4
   f - Control Undead                 Necromancy                   4


   Skills:
 - Level 1.5 Dodging
 - Level 1.5 Stealth
 + Level 3.6 Spellcasting
 + Level 4.8 Necromancy


You had 4 spell levels left.
You knew the following spells:

 Your Spells              Type           Power        Failure   Level  Hunger
a - Pain                  Necr           ###.         3%          1    N/A
b - Animate Skeleton      Necr           N/A          3%          1    N/A
e - Vampiric Draining     Necr           ###.......   11%         3    N/A

Dungeon Overview and Level Annotations

Branches:
Dungeon (2/15)

Altars:


Innate Abilities, Weirdness & Mutations

You do not eat or drink.
Your flesh is vulnerable to fire.
You are immune to poison.
Your flesh is cold resistant. (rC+)
You are immune to negative energy. (rN+++)
You are immune to unholy pain and torment.
You can survive without breathing.


Message History

The hobgoblin hits you with a club. The jackal bites you.
* * * LOW HITPOINT WARNING * * *
You hit the jackal. You burn the jackal.
The jackal is almost dead.
The hobgoblin hits you with a club.
* * * LOW HITPOINT WARNING * * *
The jackal closely misses you. The jackal closely misses you.
You hit the jackal. You burn the jackal.
You kill the jackal!
You hit the hobgoblin but do no damage. The hobgoblin closely misses you.
You closely miss the hobgoblin. The hobgoblin hits you with a club.
* * * LOW HITPOINT WARNING * * *
Casting: Pain
Confirm with . or Enter, or press ? or * to list all spells.
Aiming: Pain
Press: ? - help, Shift-Dir - straight line, f - hobgoblin
Aim: a hobgoblin, wielding a club (chance to defeat MR: 87%)
The hobgoblin barely resists.
The hobgoblin hits you with a club.
You die...

#.##!###.# #.<......#
####.#####
####.########
#...........##+##
###$.††######.#...##
#$......# ......#
#.......#####.......
#........@##........
...........g.†........
#####..........†......
####.##.###.......
####.# #.....# #.#
#...## #.# #+## #.#
.#.


You could see a hobgoblin.

Vanquished Creatures
  A gnoll (D:1)
  An ooze (D:1)
  A leopard gecko (D:1)
  5 goblins (D:1)
  3 hobgoblins (D:1)
  7 jackals
  A ball python (D:2)
  3 bats (D:1)
  A kobold (D:1)
  3 rats
26 creatures vanquished.

Notes
Turn   | Place    | Note
-------+----------+-------------------------------------------
     0 | D:1      | Irenicus the Mummy Necromancer began the quest for the Orb.
     0 | D:1      | Reached XP level 1. HP: 13/13 MP: 4/4
    58 | D:1      | Reached XP level 2. HP: 10/19 MP: 1/6
   147 | D:1      | Learned a level 1 spell: Animate Skeleton
   236 | D:1      | Reached XP level 3. HP: 16/24 MP: 4/8
   281 | D:1      | Learned a level 3 spell: Vampiric Draining
   408 | D:2      | Slain by a hobgoblin

Skill      XL: |  1 |
---------------+----+-----
Spellcasting   | 3 |  3.6
Dodging        | |  1.5
Stealth        | |  1.5
Necromancy     | |  4.8

Action                   || total
-------------------------++-------
Melee: Dagger            ||    46
 Cast: Pain              ||    30
       Vampiric Draining ||     4
Armor: Robe              ||     7
       Leather armour    ||     3
Dodge: Dodged            ||    52
